 Dungeon Crawl Stone Soup version 0.26-a0-966-gd078a86f14 (webtiles) character file.

Game seed: 3893126543631418332

15995 EnegeticOcto the Slinger (level 12, -5/77 HPs)
             Began as a Tengu Brigand on Dec 2, 2020.
             Was an Elder of Dithmenos.
             Slain by a minotaur (28 damage)
             ... in a Gauntlet on Dec 3, 2020.
             The game lasted 00:52:31 (22181 turns).

EnegeticOcto the Slinger (Tengu Brigand)           Turns: 22181, Time: 00:52:32

Health: -5/77      AC:  6    Str: 16    XL:     12   Next: 32%
Magic:  16/16      EV: 17    Int: 19    God:    Dithmenos [****..]
Gold:   902        SH:  5    Dex: 23    Spells: 11/11 levels left

rFire    + . .     SeeInvis +   A - +2 dagger (elec)
rCold    . . .     Faith    .   (no shield)
rNeg     . . .     Spirit   .   v - +2 robe {rF+}
rPois    +         Reflect  +   (helmet restricted)
rElec    .         Harm     .   j - scarf {+Inv}
rCorr    .         Rampage  .   L - +1 pair of gloves
MR       ++...     NoTele   +   (boots unavailable)
Stlth    ++++++....             S - amulet of Mape {Reflect Int+3 SH+5 SInv}
HPRegen  0.22/turn              C - ring of Lusic {*Slow +Blink rPois MR+ Str+5}
MPRegen  0.15/turn              T - ring of Sionimozxa {MR+ Dex+6 SInv}

@: mighty, flying quickly and evasively, very slightly contaminated, wreathed by
umbra, lightly drained, invisible, quick
A: beak, talons 3, able to fly
a: Stop Flying, Shadow Step, Renounce Religion, Evoke Blink, Evoke Invisibility


You were in a Gauntlet.
You worshipped Dithmenos.
Dithmenos was greatly pleased with you.
You visited 2 branches of the dungeon, and saw 13 of its levels.
You also visited: Sewer and Gauntlet.

You collected 927 gold pieces.
You spent 25 gold pieces at shops.

Inventory:

Hand Weapons
 a - a +4 demon blade of protection
   (You found it on level 10 of the Dungeon)
 b - a +3 hunting sling
   (You found it on level 1 of the Dungeon)
 A - a +2 dagger of electrocution (weapon)
   (You took it off an orc on level 10 of the Dungeon)
 I - a +1 dagger of distortion
   (You took it off a spriggan on level 11 of the Dungeon)
 M - a +1 spear of freezing
   (You took it off a gnoll on level 8 of the Dungeon)
 N - a +0 scimitar of electrocution
   (You found it on level 10 of the Dungeon)
Missiles
 d - 30 poisoned darts
 f - 49 sling bullets
 g - 70 stones (quivered)
 p - 13 boomerangs
 r - 4 throwing nets {!f}
 t - 5 silver javelins
 w - 8 javelins
 F - 6 curare-tipped darts
Armour
 c - a +2 cloak
 j - a scarf of invisibility (worn)
   (You found it on level 10 of the Dungeon)
 v - a +2 robe of fire resistance (worn)
   (You took it off Jessica on level 2 of the Dungeon)
 x - a +2 plate armour of positive energy
   (You took it off an orc warrior on level 9 of the Dungeon)
 L - a +1 pair of gloves (worn)
   (You found it on level 7 of the Dungeon)
 R - a +0 scale mail of cold resistance
   (You found it on level 1 of the Lair of Beasts)
Magical Staves
 D - an uncursed staff of earth
   (You found it on level 6 of the Dungeon)
Jewellery
 q - an uncursed ring of stealth
   (You took it off a goblin on level 2 of the Dungeon)
 u - an uncursed ring of see invisible
   (You found it on level 10 of the Dungeon)
 C - the ring of Lusic (left hand) {*Slow +Blink rPois MR+ Str+5}
   (You found it in a Gauntlet)

   [ring of protection from magic]

   It affects your strength (+5).
   It protects you from poison.
   It affects your resistance to hostile enchantments.
   It lets you blink.
   It may slow you when you take damage.
 S - the amulet of Mape (around neck) {Reflect Int+3 SH+5 SInv}
   (You found it in a Gauntlet)

   [amulet of reflection]

   It shields you and reflects attacks.
   It affects your intelligence (+3).
   It lets you see invisible.
   It affects your SH (+5).
 T - the ring of Sionimozxa (right hand) {MR+ Dex+6 SInv}
   (You took it off a meliai in a Gauntlet)

   [ring of dexterity]

   It affects your dexterity (+6).
   It affects your resistance to hostile enchantments.
   It lets you see invisible.
Wands
 y - a wand of enslavement (4)
   (You found it on level 3 of the Dungeon)
 E - a wand of flame (46) {@v4}
   (You found it on level 6 of the Dungeon)
 K - a wand of acid (5) {@v1}
   (You found it on level 7 of the Dungeon)
 O - a wand of paralysis (5)
   (You found it on level 11 of the Dungeon)
 Q - a wand of polymorph (4)
   (You found it on level 1 of the Lair of Beasts)
Scrolls
 i - 9 scrolls of teleportation {@r3 !r}
 l - 4 scrolls of remove curse {@r2}
 n - a scroll of amnesia
 z - a scroll of enchant weapon
 G - a scroll of fear {!r}
 H - 2 scrolls of blinking {@r4}
 J - a scroll of holy word
 P - a scroll of vulnerability
Potions
 e - 2 potions of might {@q3 !q}
 h - 4 potions of curing {@q1 !q}
 k - a potion of invisibility
 m - 3 potions of brilliance
 o - 2 potions of cancellation
 s - a potion of haste {@q4 !q}
 B - a potion of attraction


   Skills:
 - Level 10.0(9.4) Fighting
 - Level 4.0(4.6) Short Blades
 + Level 5.0(5.2) Long Blades
 - Level 11.9(11.3) Slings
 - Level 2.0(7.4) Throwing
 - Level 4.0(3.5) Armour
 - Level 4.0(3.5) Dodging
 + Level 7.5(7.0) Stealth
 + Level 5.1(4.6) Invocations
 - Level 5.0(4.4) Evocations


You had 11 spell levels left.
You didn't know any spells.
Your spell library contained the following spells:

 Spells                   Type           Power        Failure   Level
 Sandblast                Erth           #.....       21%         1
 Sting                    Tmut/Pois      #...         21%         1
 Poisonous Vapours        Pois/Air       #.....       30%         2
 Ignite Poison            Fire/Tmut/Pois #.......     52%         3
 Mephitic Cloud           Conj/Pois/Air  #.......     52%         3
 Olgreb's Toxic Radiance  Pois           #.......     90%         4
 Lee's Rapid Deconstruct  Erth           #.........   99%         5
 Statue Form              Tmut/Erth      #........    100%        6
 Spellforged Servitor     Conj/Summ      #.........   100%        7


Dungeon Overview and Level Annotations

Branches:
Dungeon (11/15)            Temple (0/1) D:6            Lair (2/6) D:11
  Swamp (0/4) Lair:2          Orc (0/2) D:10          Sewer (visited)
Gauntlet (1/1)
  Snake: Lair:2-4    Spider: Lair:2-4

Altars:
Dithmenos
Xom
Beogh
Lugonu

Shops:
D:5 (   D:6 (

Annotations:
D:6 1 runed translucent door, Perttuleena's ghost, novice DsWn
D:9 2 transporters, exclusion: downstairs
D:10 stripedtigrrr's ghost, novice SpAK
D:11 Fannar
Lair:1 exclusion: 2 oklob plants Gauntlet 21 runed translucent doors, 6 transporters, exclusion: ice statue


Innate Abilities, Weirdness & Mutations

You have a beak for a mouth.
You have claws for feet.
You can fly continuously.


Message History

You kill the wizard!
Dithmenos accepts your kill.
Your Long Blades skill increases to level 5!
Your base Invocations skill increases to level 5!
No target in view!
Things that are here:
a +0 dagger; a +0 robe; a human corpse A shadow imp is nearby!
The shadow imp shouts!
You hit the shadow imp but do no damage.
Lightning courses through the shadow imp!
You kill the shadow imp!
Dithmenos accepts your kill.
No target in view!
No target in view!
You flicker for a moment.
H - 2 scrolls of blinking {@r4} (gained 1)
You flicker back into view.
S - a steaming bronze amulet
There is a transporter here.
You enter the transporter and appear at another place.
You start putting on your amulet.
You continue putting on your steaming bronze amulet. x5
You finish putting on the amulet of Mape {Reflect Int+3 SH+5 SInv}.
You feel a shielding aura gather around you.
You feel clever.
S - the amulet of Mape (around neck) {Reflect Int+3 SH+5 SInv} You start waiting.
Your magical contamination has completely faded away.
There is a transporter here.
There is a transporter here.
You feel drained.
You fade into invisibility!
You are very lightly contaminated with residual magic.
You enter the transporter and appear at another place.
Evoke which item? (* to show all) (? for menu, Esc to quit)
Aiming: Paralyse
Press: ? - help, Shift-Dir - straight line, f - meliai
Aim: a meliai, wielding a +0 war axe, wearing a +0 robe and wearing the ring of Sionimozxa {MR+ Dex+6 SInv} (umbra, chance to defeat MR: 25%)
The meliai resists with almost no effort.
The meliai barely misses you. The meliai closely misses you.
You block the meliai's attack. The meliai stings you.
Evoke which item? (* to show all) (? for menu, Esc to quit)
Aiming: Corrosive Bolt
Press: ? - help, Shift-Dir - straight line, f/p - meliai
Aim: a meliai, wielding a +0 war axe, wearing a +0 robe and wearing the ring of Sionimozxa {MR+ Dex+6 SInv} (umbra, 40% to evade)
The bolt of acid hits the meliai!!
The meliai is splashed with acid.
You kill the meliai!
Dithmenos accepts your kill.
The meliai buzzes angrily.
Things that are here:
a +0 war axe; a +0 robe; the ring of Sionimozxa {MR+ Dex+6 SInv}
T - the ring of Sionimozxa {MR+ Dex+6 SInv} The meliai enters a dispersal trap!
You blink.
The meliai blinks!
Unknown command.
You enter the transporter and appear at another place.
You're wearing all the rings you can.
Remove which one? (? for menu, Esc to cancel) < or
C - the ring of Lusic {*Slow +Blink rPois MR+ Str+5} > or
u - a ring of see invisible You remove your ring of see invisible.
You feel agile.
T - the ring of Sionimozxa (right hand) {MR+ Dex+6 SInv} You flicker for a moment.
You start waiting.
You flicker back into view.
You start waiting.
Your magical contamination has completely faded away.
Okay, then.
You fade into invisibility!
You are very lightly contaminated with residual magic.
Really quaff
e - 3 potions of might {@q3 !q}?
You feel very mighty all of a sudden.
A minotaur comes into view.
The minotaur moves out of view.
Found a ring mail.
Found a gate leading back out of this place.
You strike the helpless minotaur from behind!
You impale the minotaur!!
Lightning courses through the minotaur!!
Your kick misses the minotaur. You peck the minotaur.
The minotaur is heavily wounded.
The minotaur hits you! The minotaur gores you!
You hit the minotaur.
The minotaur is severely wounded.
You completely miss the minotaur. You claw the minotaur.
The minotaur is severely wounded.
The minotaur hits you!! The minotaur gores you!
* * * LOW HITPOINT WARNING * * *
Press: ? - help, v - describe, . - travel
Here: a minotaur, wearing a +0 plate armour and quivering 17 javelins (severely wounded, umbra)
The floor, spattered with blood.
Unknown command.
Okay, then.
You catch the helpless minotaur completely off-guard!
You impale the minotaur!!
You claw the minotaur, but do no damage.
The minotaur is almost dead.
The minotaur hits you!!
You die...

#..#...# #..#.8.#
#..#...# #..#.8.#
#§.#...# ##########
#..#...# #........#
.§≈#.©.####.######.#
..∩#......#.#∩.H.#.#
..§#.©.##.#.####@#.#
#..#...##.#......#.#
#..#...##.########.#
#..#.8.##..........#
#..#...#############
#..#§8.# #..#.§§#
#..#§8≈# #..#####


You could see a minotaur.

Vanquished Creatures
  A hydra (D:10)
  A two-headed ogre (D:8)
  A wizard (Gauntlet)
  An oklob plant (Gauntlet)
  A cyclops (D:11)
  An ugly thing (D:11)
  Psyche (D:11)
  A rime drake (Lair:2)
  3 komodo dragons (Lair:1)
  A meliai (Gauntlet)
  A hornet (D:11)
  8 blink frogs (Lair:1)
  A vampire (D:11)
  2 wyverns
  A spriggan (D:11)
  8 yaks
  A basilisk (Lair:1)
  A steam dragon (D:10)
  2 insubstantial wisps (D:10)
  3 wargs (D:11)
  2 acid dragons (Gauntlet)
  3 water moccasins
  6 ice beasts
  11 orc warriors
  An ogre (D:9)
  6 sky beasts
  A phantom (D:9)
  8 centaurs
  8 bullfrogs
  A gnoll sergeant (D:9)
  A water moccasin zombie (D:8)
  A wyvern skeleton (D:9)
  3 scorpions
  4 wights (D:6)
  8 killer bees
  2 howler monkeys (D:10)
  3 electric eels
  6 hounds
  4 bullfrog skeletons
  A centaur skeleton (D:8)
  A jelly (D:8)
  21 orc priests
  17 orc wizards
  Jessica (D:2)
  3 iguanas
  Natasha (thrice) (D:2)
  9 worker ants
  A killer bee zombie (D:7)
  2 hound zombies
  3 hound skeletons
  A worker ant zombie (D:9)
  11 gnolls
  15 adders
  2 shadow imps
  4 white imps
  2 ufetubi
  3 oozes
  An adder zombie (D:6)
  7 worms
  4 dart slugs
  5 leopard geckos
  43 orcs
  8 bats
  8 giant cockroaches
  13 goblins
  8 hobgoblins
  10 jackals
  6 quokkas
  10 frilled lizards
  A giant cockroach zombie (D:6)
  A jackal skeleton (D:4)
  13 kobolds
  A quokka skeleton (D:5)
  10 rats
368 creatures vanquished.

Vanquished Creatures (others)
  8 fungi
  26 plants
34 creatures vanquished.

Grand Total: 402 creatures vanquished

Notes
Turn   | Place    | Note
-------+----------+-------------------------------------------
     0 | D:1      | EnegeticOcto the Tengu Brigand began the quest for the Orb.
     0 | D:1      | Reached XP level 1. HP: 12/12 MP: 2/2
     1 | D:1      | Upgraded the game from 0.26-a0-962-g9b92081034 to
                  | 0.26-a0-966-gd078a86f14
   131 | D:1      | Reached skill level 3 in Short Blades
   131 | D:1      | Reached XP level 2. HP: 17/17 MP: 3/3
   416 | D:1      | Reached XP level 3. HP: 21/21 MP: 4/4
   845 | D:2      | Reached skill level 1 in Slings
   924 | D:2      | Reached skill level 4 in Short Blades
  1025 | D:2      | Noticed Jessica
  1090 | D:2      | Reached skill level 2 in Slings
  1090 | D:2      | Reached XP level 4. HP: 26/26 MP: 5/5
  1446 | D:2      | Noticed Natasha
  1458 | D:2      | Killed Natasha
  1647 | D:2      | Reached skill level 3 in Slings
  1669 | D:2      | Killed Jessica
  1670 | D:2      | Gained mutation: You can fly continuously. [Tengu growth]
  1670 | D:2      | Reached XP level 5. HP: 14/30 MP: 6/6
  1856 | D:2      | Noticed Natasha
  1864 | D:2      | Killed Natasha
  1938 | D:3      | Reached skill level 4 in Slings
  2757 | D:3      | Reached XP level 6. HP: 35/35 MP: 7/7
  3243 | D:4      | Found a shadowy altar of Dithmenos.
  3268 | D:4      | Reached skill level 3 in Fighting
  3268 | D:4      | Reached skill level 5 in Slings
  3294 | D:4      | Became a worshipper of Dithmenos the Shadowed
  3327 | D:4      | Found a glowing drain.
  3371 | Sewer    | Entered a sewer
  3447 | Sewer    | Noticed a water moccasin
  3458 | Sewer    | Killed a water moccasin
  3459 | Sewer    | Reached XP level 7. HP: 23/42 MP: 8/8
  3822 | D:4      | Reached skill level 4 in Fighting
  4414 | D:4      | Identified the Almanac of Creative Stones
  4818 | D:2      | Noticed Natasha
  4832 | D:2      | Killed Natasha
  5266 | D:5      | Entered Level 5 of the Dungeon
  5326 | D:5      | Reached skill level 5 in Fighting
  5549 | D:5      | Reached * piety under Dithmenos
  5765 | D:5      | Reached skill level 6 in Slings
  5769 | D:5      | Found Weobol's Weapon Boutique.
  5979 | D:5      | Reached XP level 8. HP: 50/50 MP: 9/9
  6497 | D:6      | Reached skill level 1 in Evocations
  6600 | D:6      | Reached skill level 2 in Dodging
  6646 | D:6      | Reached skill level 6 in Fighting
  6825 | D:6      | Reached skill level 2 in Evocations
  6864 | D:6      | Reached skill level 7 in Slings
  6864 | D:6      | Reached skill level 3 in Dodging
  6983 | D:6      | Found a runed translucent door.
  7046 | D:6      | Found Soxefuz's Weapon Shop.
  7059 | D:6      | Bought 18 stones for 25 gold pieces
  7119 | D:6      | Reached ** piety under Dithmenos
  7120 | D:6      | Found a shimmering altar of Xom.
  7153 | D:6      | Noticed Perttuleena's ghost (novice DsWn)
  7220 | D:6      | Found a staircase to the Ecumenical Temple.
  7259 | D:6      | Reached skill level 3 in Evocations
  7259 | D:6      | Reached XP level 9. HP: 46/56 MP: 10/10
  7624 | D:7      | Reached skill level 4 in Dodging
  8557 | D:7      | Reached skill level 7 in Fighting
  9066 | D:7      | Reached skill level 4 in Evocations
  9705 | D:8      | Noticed a two-headed ogre
  9736 | D:8      | Killed a two-headed ogre
  9737 | D:8      | Reached skill level 8 in Fighting
  9737 | D:8      | Reached skill level 8 in Slings
  9737 | D:8      | Reached skill level 5 in Evocations
  9945 | D:8      | Reached XP level 10. HP: 64/64 MP: 11/11
 10419 | D:8      | Reached skill level 9 in Slings
 10619 | D:8      | Found a shimmering altar of Xom.
 10623 | D:8      | Found a shimmering altar of Xom.
 10628 | D:8      | Found a shimmering altar of Xom.
 10628 | D:8      | Found a shimmering altar of Xom.
 10628 | D:8      | Found a shimmering altar of Xom.
 10629 | D:8      | Found a shimmering altar of Xom.
 10629 | D:8      | Found a shimmering altar of Xom.
 10629 | D:8      | Found a shimmering altar of Xom.
 10853 | D:8      | Reached *** piety under Dithmenos
 11243 | D:9      | Reached skill level 9 in Fighting
 11658 | D:9      | Reached skill level 10 in Slings
 12464 | D:9      | Found a transporter.
 12467 | D:9      | Found a transporter.
 12468 | D:9      | Found a corrupted altar of Lugonu.
 12470 | D:9      | Noticed a red ugly thing
 12470 | D:9      | Noticed a purple ugly thing
 12470 | D:9      | Noticed a green ugly thing
 12626 | D:9      | Reached skill level 11 in Slings
 13677 | D:9      | Reached **** piety under Dithmenos
 14189 | D:10     | Entered Level 10 of the Dungeon
 14230 | D:10     | Reached XP level 11. HP: 71/71 MP: 12/12
 14761 | D:10     | Reached skill level 1 in Armour
 14826 | D:10     | Reached skill level 1 in Invocations
 15194 | D:10     | Reached skill level 2 in Armour
 15349 | D:10     | Noticed a ten-headed hydra
 15350 | D:10     | Found a runed translucent gate.
 15350 | D:10     | Found a runed translucent gate.
 15350 | D:10     | Found a runed translucent gate.
 15350 | D:10     | Noticed stripedtigrrr's ghost (novice SpAK)
 15980 | D:10     | Reached skill level 2 in Invocations
 16001 | D:10     | Found a staircase to the Orcish Mines.
 16126 | D:10     | Reached skill level 5 in Stealth
 16252 | D:10     | Found a roughly hewn altar of Beogh.
 16561 | D:10     | Killed a ten-headed hydra
 16562 | D:10     | Reached skill level 3 in Armour
 17026 | D:11     | Noticed a cyclops
 17061 | D:11     | Noticed a cyclops
 17080 | D:11     | Killed a cyclops
 17328 | D:11     | Noticed Sonja
 17329 | D:11     | Noticed Sonja
 17329 | D:11     | Sonja changed into Sonja the spriggan
 17337 | D:11     | Killed Sonja the spriggan
 17385 | D:11     | Reached skill level 1 in Long Blades
 17424 | D:11     | Reached skill level 3 in Invocations
 17472 | D:11     | Found a staircase to the Lair.
 17575 | D:11     | Noticed a purple ugly thing
 17590 | D:11     | Killed a purple ugly thing
 17640 | D:11     | Noticed Psyche
 17654 | D:11     | Killed Psyche
 17655 | D:11     | Reached skill level 2 in Long Blades
 17655 | D:11     | Reached skill level 4 in Armour
 18140 | D:11     | Noticed Fannar
 18171 | D:11     | Reached skill level 6 in Stealth
 18959 | Lair:1   | Entered Level 1 of the Lair of Beasts
 19412 | Lair:1   | Reached skill level 10 in Fighting
 19412 | Lair:1   | Reached skill level 3 in Long Blades
 19669 | Lair:1   | Reached skill level 4 in Invocations
 19669 | Lair:1   | Reached XP level 12. HP: 69/77 MP: 14/16
 20576 | Lair:1   | Reached skill level 4 in Long Blades
 20978 | Lair:1   | Reached skill level 7 in Stealth
 21225 | Lair:2   | Noticed a five-headed hydra
 21255 | Lair:2   | Found a gate leading to a gauntlet.
 21262 | Gauntlet | Entered a Gauntlet
 21262 | Gauntlet | Found a large runed translucent door.
 21262 | Gauntlet | Found a large runed translucent door.
 21262 | Gauntlet | Found a large runed translucent door.
 21262 | Gauntlet | Found a large runed translucent door.
 21262 | Gauntlet | Found a large runed translucent door.
 21262 | Gauntlet | Found a large runed translucent door.
 21262 | Gauntlet | Found a large runed translucent door.
 21262 | Gauntlet | Found a large runed translucent door.
 21262 | Gauntlet | Found a runed translucent door.
 21262 | Gauntlet | Found a runed translucent gate.
 21262 | Gauntlet | Found a transporter.
 21262 | Gauntlet | Found a transporter.
 21262 | Gauntlet | Found a runed translucent gate.
 21262 | Gauntlet | Found a transporter.
 21309 | Gauntlet | Found a transporter.
 21312 | Gauntlet | Found a transporter.
 21312 | Gauntlet | Found a transporter.
 21326 | Gauntlet | Found a transporter.
 21326 | Gauntlet | Found a transporter.
 21333 | Gauntlet | Identified the ring of Sionimozxa {MR+ Dex+6 SInv}
 21336 | Gauntlet | Found a transporter.
 21411 | Gauntlet | Found a runed translucent door.
 21412 | Gauntlet | Found a large runed translucent door.
 21412 | Gauntlet | Found a large runed translucent door.
 21412 | Gauntlet | Found a large runed translucent door.
 21412 | Gauntlet | Found a large runed translucent door.
 21413 | Gauntlet | Found a large runed translucent door.
 21413 | Gauntlet | Found a large runed translucent door.
 21414 | Gauntlet | Found a large runed translucent door.
 21414 | Gauntlet | Found a large runed translucent door.
 21423 | Gauntlet | Found a runed translucent gate.
 21439 | Gauntlet | Found a transporter.
 21443 | Gauntlet | Found a transporter.
 21448 | Gauntlet | Noticed a reaper
 21455 | Gauntlet | Found a transporter.
 22005 | Gauntlet | Got a twitching steel ring
 22007 | Gauntlet | Identified the ring of Lusic {*Slow +Blink rPois MR+ Str+5}
                  | (You found it in a Gauntlet)
 22053 | Gauntlet | Reached skill level 5 in Long Blades
 22053 | Gauntlet | Reached skill level 5 in Invocations
 22073 | Gauntlet | Got a steaming bronze amulet
 22083 | Gauntlet | Identified the amulet of Mape {Reflect Int+3 SH+5 SInv}
                  | (You found it in a Gauntlet)
 22172 | Gauntlet | Noticed a minotaur
 22181 | Gauntlet | Slain by a minotaur

Illustrated notes

Levels and vault maps discovered:
D:1:      onia_arrival_mini_spirals, layout_rooms
D:2:      layout_loops_ring, uniq_jessica, uniq_natasha
D:3:      layout_loops_ring, minmay_puff
D:4:      layout_layer_cave, cheibrodos_sewer_entry_bend,
          nicolae_dithmenos_the_darkroom
D:5:      layout_loops_cross, serial_shops, shop_fountains, grunt_ministairs_9
D:6:      layout_rooms, minmay_temple_entry_drinking_statues, serial_shops,
          nicolae_shop_statue_plus, ebering_ghost_sewer_d, basic_altar
D:7:      layout_gridville
D:8:      layout_rooms, xom_redecorated
D:9:      gammafunk_corrupted_shrine, layout_basic, zaba_anthole, centaur_isle
D:10:     layout_roguey, minmay_orc_entry_temple_large,
          gammafunk_ghost_hydra_chop, hangedman_misty_isle
D:11:     layout_gridville, erik_lair_orcish_takeover, bh_walls_and_bars,
          uniq_sonja, uniq_psyche, uniq_fannar
Lair:1:   dpeg_oklob_gauntlet, layout_loops_ring, serial_bayou_shore_a
Lair:2:   layout_long_grid, skrybe_swamp_entry_bodies, gauntlet_entry_generic
Gauntlet: gammafunk_gauntlet_hard_choice
          [minmay_gauntlet_arena_make_your_own_arena,
          nicolae_gauntlet_arena_quarters, gammafunk_gauntlet_arena_grid,
          gammafunk_gauntlet_arena_arrow_garden, nicolae_gauntlet_swirl,
          gammafunk_gauntlet_arena_crates, gauntlet_exit_spiral]

Skill      XL: |  1  2  3  4  5  6  7  8  9 10 11 12 |
---------------+-------------------------------------+-----
Short Blades   | 3 4 |  4.0
Slings         | 2 3 4 5 6 7 8 11 | 11.9
Fighting       | 3 5 6 8 9 10 | 10.0
Evocations     | 3 5 |  5.0
Dodging        | 3 4 |  4.0
Armour         | 4 |  4.0
Invocations    | 4 5 |  5.1
Stealth        | 6 7 |  7.5
Long Blades    | 3 5 |  5.0
Throwing       | |  2.0

Action                   |  1- 3 |  4- 6 |  7- 9 | 10-12 || total
-------------------------+-------+-------+-------+-------++-------
Melee: Dagger            |    45 |     9 |       |    10 ||    64
       Kick              |    11 |       |       |     4 ||    15
       Peck              |     5 |     2 |       |     2 ||     9
       Demon blade       |       |       |       |     6 ||     6
 Fire: Hunting sling     |    65 |   224 |   558 |  1271 ||  2118
Throw: Dart              |     3 |     2 |    23 |    30 ||    58
Invok: Shadow Step       |       |       |       |     1 ||     1
 Abil: Fly               |       |     1 |       |       ||     1
       Evoke Invisibilit |       |       |       |     2 ||     2
Evoke: Wand              |       |       |       |    25 ||    25
  Use: Scroll            |     4 |     7 |    11 |    10 ||    32
       Potion            |       |     1 |       |     3 ||     4
 Stab: Sleeping          |     3 |       |       |       ||     3
       Invisible         |       |       |       |     3 ||     3
       Paralysed         |       |       |       |     2 ||     2
Armor: Robe              |    15 |    15 |    36 |    60 ||   126
       Scale mail        |       |     2 |       |       ||     2
Dodge: Dodged            |    34 |    45 |   116 |   301 ||   496
Block: Other             |       |       |       |     1 ||     1
       Rpst.: Demon blade |       |       |       |     1 ||     1

Table legend: (Time is in decaauts)
 A = Elapsed time spent in this place.
 B = Non-inter-level travel time spent in this place.
 C = Inter-level travel time spent in this place.
 D = Time resting spent in this place.
 E = Time spent auto-exploring this place.
 F = Levels seen in this place.
 G = Mean time per level.
                   A        B        C        D        E       F      G
               +--------+--------+--------+--------+--------+-----+--------+
         Total |  20689 |  20072 |    617 |   3865 |  11885 |  15 | 1379.3 |
       Dungeon |  17413 |  16816 |    597 |   2690 |  10482 |  11 | 1583.0 |
          Lair |   2139 |   2120 |     19 |    589 |   1148 |   2 | 1069.5 |
         Sewer |    269 |    269 |      0 |    133 |     74 |   1 |  269.0 |
      Gauntlet |    866 |    866 |      0 |    453 |    180 |   1 |  866.0 |
               +--------+--------+--------+--------+--------+-----+--------+

Top non-repeatable levels by time:
     D:9: 3104 daAuts
     D:7: 2231 daAuts
    D:10: 2152 daAuts
  Lair:1: 2074 daAuts
    D:11: 1768 daAuts
     D:2: 1435 daAuts
     D:4: 1402 daAuts
     D:8: 1236 daAuts
     D:6: 1091 daAuts
     D:5: 1081 daAuts
     D:3: 1062 daAuts
Gauntlet: 866 daAuts
     D:1: 846 daAuts
   Sewer: 269 daAuts
  Lair:2: 64 daAuts
